Cogmind - Beta 13 @@@ ROGUE MODE // 2024.03.10 @ 21:24:56 Player: arkn Result: Smashed by cave-in Performance ------------- Evolutions (0) 0 Regions Visited (2) 400 Robots Destroyed (16) 80 Value Destroyed (243) 243 Prototype IDs (0) 0 Alien Tech Used (0) 0 Bonus (0) 0 TOTAL SCORE: 723 Bonus ------- None Cogmind --------- Core Integrity 0/250 Matter 268/300 Energy 250/250 System Corruption 0% Temperature Cool (0) Movement Walking (190) Ox1 Location -10/Mines Parts ------- > --- POWER (1) -------- Ion Engine > --- PROPULSION (2) --- Aluminum Leg Aluminum Leg > --- UTILITY (2) ------ Medium Storage Unit Seismic Detector > --- WEAPON (2) ------- Light Cannon Light Cannon > --- INVENTORY (10) --- Ion Engine Light Treads Light Treads Wheel Large Matter Pod (72) Structural Scanner Propulsion Shielding Grenade Launcher Mining Laser Explosive Trap Peak State ------------ > --- POWER ------------ Ion Engine > --- PROPULSION ------- Aluminum Leg Aluminum Leg > --- UTILITY ---------- Medium Storage Unit Structural Scanner > --- WEAPON ----------- Light Assault Rifle Light Assault Rifle > --- INVENTORY -------- Ion Engine Light Treads Light Treads Wheel Compact Wheel Large Matter Pod Seismic Detector Propulsion Shielding Light Cannon Mining Laser [Rating: 8] Favorites ----------- Power Ion Engine Engine Ion Engine Propulsion Aluminum Leg Leg Aluminum Leg Utility Medium Storage Unit Device Structural Scanner Storage Medium Storage Unit Processor Targeting Computer Weapon Light Assault Rifle Energy Gun EM Pulse Gun Ballistic Gun Light Assault Rifle Ballistic Cannon Light Cannon Special Weapon Mining Laser Build | -11 -10 -10 ------- Run | Yrd Mat Min Slots Evolved . | . . . Power . | . . . Propulsion . | . . . Utility . | . . . Weapon . | . . . Parts Attached 16 | . 12 4 Power 1 | . 1 . Engine 1 | . 1 . Core . | . . . Reactor . | . . . Propulsion 2 | . 2 . Treads . | . . . Leg 2 | . 2 . Wheel . | . . . Hover . | . . . Flight . | . . . Utility 4 | . 3 1 Device 2 | . 1 1 Storage 1 | . 1 . Processor 1 | . 1 . Hackware . | . . . Protection . | . . . Artifact . | . . . Weapon 9 | . 6 3 Energy Gun . | . . . Energy Cannon . | . . . Ballistic Gun 6 | . 5 1 Ballistic Cannon 2 | . . 2 Launcher . | . . . Special Weapon 1 | . 1 . Impact Weapon . | . . . Slashing Weapon . | . . . Piercing Weapon . | . . . Special Melee Weapon . | . . . Unidentified Prototypes . | . . . Parts Lost 5 | . 5 . Power 1 | . 1 . Propulsion 1 | . 1 . Utility 1 | . 1 . Weapon 2 | . 2 . Highest Loss Streak 3 | . 3 . To Critical Strikes . | . . . Average Slot Usage (%) 96 | . 95 99 Engine 13 | . 13 14 Leg 27 | . 27 28 Device 8 | . 6 14 Storage 14 | . 14 14 Processor 2 | . 4 . Energy Gun 2 | . 4 . Ballistic Gun 16 | . 23 3 Ballistic Cannon 7 | . . 24 Naked Turns . | . . . Heaviest Build 22 | 11 18 22 Greatest Support 20 | 20 20 20 Greatest Overweight (x) 1 | . 1 1 Average Overweight (x) . | . . . Largest Inventory Capacity 10 | . 10 10 Average Capacity 9 | . 9 10 Most Carried 10 | . 10 10 Average Carried 9 | . 8 9 Final Capacity 10 | 8 10 10 Final Carried 10 | 6 10 10 Class Distribution -------------------- 100% | Mutant Dominant Class ---------------- Mutant | -10/Materials Mutant | -10/Mines Resources | -11 -10 -10 ----------- Run | Yrd Mat Min Matter Collected 436 | 200 208 28 Remotely . | . . . Salvage Created 417 | . 417 . Parts 38 | . 38 . Haulers Intercepted 1 | . 1 . Recyclers Shooed . | . . . Parts Field Recycled . | . . . Retrieved Matter . | . . . Parts Self-Destructed . | . . . Prevented . | . . . Kills | -11 -10 -10 ------- Run | Yrd Mat Min Combat Hostiles Destroyed 9 | . 9 . Guns 9 | . 9 . Classes Destroyed 6 | . 6 . Worker 2 | . 2 . Hauler 1 | . 1 . Operator 1 | . 1 . Watcher 3 | . 3 . Swarmer 6 | . 6 . Grunt 3 | . 3 . Best Kill Streak 5 | . 5 . Combat Bots Only 5 | . 5 . Max Kills in Single Turn 2 | . 2 . Gunslinging . | . . . Exploded . | . . . Melee . | . . . Uniques/NPCs Destroyed . | . . . Combat | -11 -10 -10 -------- Run | Yrd Mat Min Hostile Shots Fired 96 | . 94 2 Missed 28 | . 27 1 Damage Taken 801 | . 654 147 Core 256 | . 197 59 Absorbed by Shields . | . . . Core Remaining (%) 100 | 100 . . Volleys Fired 48 | . 48 . Largest 2 | . 2 . Hottest 100 | . 100 . Shots Fired 90 | . 90 . Gun 85 | . 85 . Cannon . | . . . Launcher . | . . . Special 5 | . 5 . Kinetic 63 | . 63 . Thermal 5 | . 5 . Explosive . | . . . Electromagnetic 22 | . 22 . Robot Hit Streak 13 | . 13 . Robot Miss Streak 3 | . 3 . Penetration Max . | . . . Secondary Targets . | . . . Shots Hit Robots 53 | . 53 . Core Hits 26 | . 26 . Critical Kills . | . . . Critical Parts Destroyed . | . . . Critical Strikes . | . . . Melee Attacks . | . . . Impact . | . . . Slashing . | . . . Piercing . | . . . Sneak Attacks . | . . . Combat Hostiles . | . . . Follow-up Attacks . | . . . Damage Inflicted 516 | . 516 . Guns 516 | . 516 . Cannons . | . . . Explosions . | . . . Melee . | . . . Ramming . | . . . Kinetic 329 | . 329 . Thermal . | . . . Explosive . | . . . Electromagnetic 187 | . 187 . Impact . | . . . Slashing . | . . . Piercing . | . . . Highest Corruption . | . . . Average Corruption . | . . . Corruption Purged . | . . . Corruption Blocked . | . . . Overload Shots . | . . . Overflow Damage . | . . . Projectiles . | . . . Explosions . | . . . Melee . | . . . Knockbacks . | . . . Impact . | . . . Kinetic . | . . . Secondary . | . . . Self-Inflicted Damage . | . . . Shots . | . . . Rammed . | . . . Targets Rammed 1 | . 1 . Kicked 1 | . 1 . Crushed . | . . . Highest Temperature 114 | . 114 . Average Temperature 32 | . 32 . Received Heat Transfer 210 | . 210 . Siege Activations . | . . . Robots Corrupted . | . . . Combat Hostiles . | . . . Parts Fried 1 | . 1 . Impact Corruptions . | . . . Robots Melted . | . . . Combat Hostiles . | . . . Parts Melted . | . . . Heat Transferred . | . . . Parts Sabotaged . | . . . Parts Stolen . | . . . Parts Stripped . | . . . Power Chain Reactions . | . . . Alert | -11 -10 -10 ------- Run | Yrd Mat Min Peak Influence 235 | . 235 . Initial . | . . . Average 56 | . 82 . Maximum Alert Level 1 | . 1 . Low Security (%) 90 | . 85 100 Level 1 9 | . 14 . Level 2 . | . . . Level 3 . | . . . Level 4 . | . . . Level 5 . | . . . High Security . | . . . Max Security . | . . . Squads Dispatched 1 | . 1 . Investigation 1 | . 1 . Extermination . | . . . Reinforcement . | . . . Assault . | . . . Garrison . | . . . Intercept . | . . . Searches Triggered . | . . . Construction Impeded . | . . . Haulers Reinforced . | . . . Active Scanning Responses . | . . . Cargo Convoy Interrupts . | . . . Stealth | -11 -10 -10 --------- Run | Yrd Mat Min Distress Signals 3 | . 3 . Communications Jammed . | . . . Distress Signals . | . . . Times Spotted 15 | . 14 1 Peak Tracking Total 7 | . 7 . Tactical Retreats 1 | . 1 . Traps | -11 -10 -10 ------- Run | Yrd Mat Min Traps Triggered . | . . . Indirectly . | . . . Trap Hack Attempts . | . . . Triggered . | . . . Disarmed . | . . . Reprogrammed . | . . . Reused . | . . . Traps Extracted . | . . . Installed . | . . . Triggered . | . . . Most Traps Carried 1 | . . 1 Machines | -11 -10 -10 ---------- Run | Yrd Mat Min Machines Disabled . | . . . Max in Single Turn . | . . . Machines Repaired . | . . . Machines Dismantled . | . . . Machines Sabotaged . | . . . Overloaded Fab Kills . | . . . Hacking | -11 -10 -10 --------- Run | Yrd Mat Min Machines Accessed 3 | . 3 . Terminals 3 | . 3 . Fabricators . | . . . Repair Stations . | . . . Recycling Units . | . . . Scanalyzers . | . . . Garrison Access . | . . . Total Hacks 12 | . 12 . Successful 6 | . 6 . Failed 6 | . 6 . Catastrophic . | . . . Database Lockouts . | . . . Manual 12 | . 12 . Terminals 12 | . 12 . Fabricators . | . . . Repair Stations . | . . . Recycling Units . | . . . Scanalyzers . | . . . Garrison Access . | . . . Terminal Hacks 1 | . 1 . Terminal Index 1 | . 1 . Fabricator Hacks . | . . . Repair Station Hacks . | . . . Recycling Unit Hacks . | . . . Scanalyzer . | . . . Garrison Access Hacks . | . . . Unauthorized Hacks 5 | . 5 . Terminals 5 | . 5 . Track 1 | . 1 . Botnet 3 | . 3 . Operators 1 | . 1 . Fabricators . | . . . Repair Stations . | . . . Recycling Units . | . . . Scanalyzers . | . . . Garrison Access . | . . . Data Cores Recovered 1 | . 1 . Used . | . . . Hacking Detections 3 | . 3 . Full Trace Events 1 | . 1 . Feedback Events . | . . . Feedback Blocked . | . . . Robot Schematics Acquired . | . . . Robots Built . | . . . Authchips . | . . . Time . | . . . Total Robot Build Rating . | . . . Part Schematics Acquired . | . . . Parts Built . | . . . Authchips . | . . . Time . | . . . Total Part Build Rating . | . . . Parts Repaired . | . . . Time . | . . . Parts Recycled . | . . . Recycled Matter . | . . . Retrieved Matter . | . . . Retrieved Components . | . . . Parts Scanalyzed . | . . . Part Schematics Acquired . | . . . Parts Damaged . | . . . Bothacking | -11 -10 -10 ------------ Run | Yrd Mat Min Used RIF Installer . | . . . Robots Hacked . | . . . Non-combat . | . . . Combat . | . . . Robot Hacks Applied . | . . . Relay Couplers Released . | . . . Fabnet Peak Effective % . | . . . Robots Rewired . | . . . Allies Hacked . | . . . Hacks Repelled . | . . . Allies | -11 -10 -10 -------- Run | Yrd Mat Min Total Allies . | . . . Largest Group . | . . . Highest-Rated Group . | . . . Highest-Rated Ally . | . . . Total Orders . | . . . Ally Attacks . | . . . Total Damage . | . . . Kills . | . . . Allies Corrupted . | . . . Allies Melted . | . . . Intel | -11 -10 -10 ------- Run | Yrd Mat Min Robot Analysis Total . | . . . Derelict Logs Recovered . | . . . Drone Launches . | . . . Drone Recoveries . | . . . Exploration | -11 -10 -10 ------------- Run | Yrd Mat Min Turns Passed 1264 | . 864 400 Spaces Moved 780 | 1 585 194 Core . | . . . Treads . | . . . Legs 780 | 1 585 194 Wheels . | . . . Hover . | . . . Flight . | . . . Fastest Speed 120 | 120 120 120 Average Speed 134 | 120 120 179 Slowest Speed 190 | 120 190 190 Overloaded Moves . | . . . Propulsion Burnouts . | . . . Robots Hopped . | . . . Cave-ins Triggered 1 | . . 1 Exploration Rate (%) 44 | 1 94 37 Regions Visited 2 Branch Regions 1 Pre-discovered Areas . | . . . Known Exits Taken . | . . . Unknown Exits Taken 2 | 1 1 . Scrap Searched 1 | . . 1 Spaces Dug 5 | . 5 . Terrain Destroyed 5 | . 5 . Melee . | . . . Projectile 5 | . 5 . AOE . | . . . Terrain Rammed . | . . . Walls Destroyed . | . . . Machines Disabled . | . . . Actions | -11 -10 -10 --------- Run | Yrd Mat Min Total 904 | . 656 248 Wait 45 | . 2 43 Move 778 | . 584 194 Hop . | . . . Pick Up 9 | . 6 3 Fast Attach 4 | . 4 . Attach 4 | . 2 2 Detach . | . . . Swap 8 | . 6 2 Drop 7 | . 3 4 Fire 48 | . 48 . Melee . | . . . Ram . | . . . Kick 1 | . 1 . Crush . | . . . Escape Stasis . | . . . Rewire . | . . . Trap . | . . . Miscellaneous . | . . . Route ------- -11/Scrapyard -10/Materials (discovered 6 exits: [*Mat x3] / [*Min x2] / [Sub]) -10/Mines History --------- Turn | Location | Event 1 | -11/Scrapyard | Discovered new exit (range 0) 1 | -11/Scrapyard | Entered Materials 223 | -10/Materials | Discovered new exit (range 9) 318 | -10/Materials | Build established: Mutant 339 | -10/Materials | Core integrity fell below 50% 379 | -10/Materials | Discovered new exit (range 15) 387 | -10/Materials | Lost 3 parts (1p1n1w) 568 | -10/Materials | Discovered new exit (range 15) 688 | -10/Materials | Discovered new exit (range 13) 789 | -10/Materials | Discovered new exit (range 3) 829 | -10/Materials | Discovered new exit (range 9) 865 | -10/Materials | Entered Mines 923 | -10/Mines | Found a hidden stash of uninstalled traps 1266 | -10/Mines | Crushed by falling debris 1266 | -10/Mines | Smashed by cave-in Last Messages --------------- GOAL=ESCAPE Something is scanning the area. 00866_ K-01 Serf collects debris. 00876_ K-01 Serf cleans the Plasma Injector. 00894_ K-01 Serf collects debris. 00902_ Searching scrap... 00902_ Found Lgt. Assault Rifle. 00902_ Found Lgt. Cannon. 00902_ Found 28 Matter. 00903_ Acquired 28 matter. 00904_ Dropped Lgt. Assault Rifle. 00907_ Dropped Propulsion Shielding. 00907_ Acquired Lgt. Cannon. 00909_ Dropped Lgt. Assault Rifle. 00914_ Acquired Propulsion Shielding. 00923_ A stash of uninstalled traps is collected here! 00927_ Acquired Explosive Trap. 01265_ K-01 Serf collects debris. 01266_ The unstable cave ceiling collapses. 01266_ Crushed by falling debris. Map ----- +----------------------------------------------------+ | ?????????????????????????????????????????????????? | | ?????????????????????????????????????????????????? | | ?????????????????????????????????????????????????? | | ?????????????????????????????????????????????????? | | ?????????????????????????????????????????????????? | | ?????????????????????????????????????????????????? | | ?????????????????????????????????????????????????? | | ?????????????????????????????????????????????????? | | ?????????????????????????????????????????????????? | | ?????????????????????????? ????? ????????????????? | | ???????????????????????? ???? ??? ????????????? | | ???????????????????????? ??? ?? ?????????????? | | ?????????????????? = ???? ??? ?????????????? | | ???????????????? ???? ### # ??????????????? | | ??????????????# ???? # ??????????????? | | ?????????????? % ???? ###????????????? | | ????????????? k ???? ###??????????? | | ????????????? ???? # #??????????? | | ???????????? *% ??? ! # #??????????? | | ???????????? [% % ?? % g * #??????????? | | ???????????? [ ? # # #??????????? | | ??????????? # ## ##?????????? | | ???????????? %= ###???????? | | ?????????? ## | #???????? | | ?????????? # ## # # #???????? | | ??????????# @ ## #??????# #???????? | | ???????????# % ### #??????# #???????? | | ???????????# * #### #??????# ##??????? | | ???????????# ???# ###??????# ###????? | | ???????????#### #????# #???????## ##???? | | ??????????????# ?????# #?????### #???? | | ??????????????# ??????# #?????# #???? | | ?????????????# ##???????# #?????# && ##[ ##???? | | ????????????? ??????????# ###???##& ###[ #????? | | ????????????? ???????????# ##???####?#[ #????? | | ??????????????#????????????# ##???????# #????? | | ??????????????????########## #???????# #????? | | ??????????????????# ## ##??????# #????? | | ??????????????????# """ ## ###????# #????? | | ??????????????????# """ ##???# #????? | | ??????????????????# """ # #???# #????? | | ??????????????????# ####### ######### #????? | | ??????????????????# """ #?????# #???# #????? | | ??????????????????# """ #?????# #???# ### ##????? | | ??????????????????# """ #?????# ##### ### ####??? | | ??????????????????# #?????# ### ####??? | | ??????????????????# #?????####### ### ####? | | ??????????????????########?????####### #### ####? | | ??????????????????????###?????## ### ##? | | ??????????????????????# #???## ##### ##? | +----------------------------------------------------+ Best States ------------- Heat Dissipation 25 Energy Generation 10 Energy Capacity 250 Matter Stores 300 Matter Capacity 300 Sight Range 16 Terrain Scan Density 10 Evasion (%) 55 Targeting Accuracy 5 Item Schematics ----------------- None Robot Schematics ------------------ None Fabricated ------------ Nothing Alien Tech Used ----------------- None Achievements -------------- None Challenges ------------ None Game ------ Seed TacticalAerolevRouter Manual? 0 Play Time 00:16:01 Cumulative 148.3 hours Start 2024.03.10 @ 18:07:02 End 2024.03.10 @ 21:24:56 Sessions 1 Manual Loads 0 Difficulty Rogue Special Mode None Game No. 126 Rogue 120 Adventurer 0 Explorer 6 Win Type - Total 3 Types 3/0/0/0/0/0/0/0/0 Lore% 41 Gallery% 55 Achievement% 47 Wizard Run 0 Options --------- Layout 0 ASCII 0 Keyboard 0 Movement Numpad Keybinds 0 Fullscreen 1 Font 24/Smallcaps Map View 113x50 Zoom Use 0% Tactical HUD 1 Map Filters NONE Filters NONE Steam X RUN: b308edd1-cea0-404c-90f2-fdfae7e54996